TOP OF THE 1ST |
Chesapeake Continentals batting - Pitching for Lannister United Lionhearts : RHP Hirokichi Kichida
|
Pitching: RHP Hirokichi Kichida
|
|
Batting: RHB Gustavo Varela
|
0-0: Ball 1-0: Called Strike 1-1: Called Strike 1-2: Ball 2-2: Foul Ball, location: 2F 2-2: Ground out 5-3 (Groundball, 5)
|
Batting: RHB Bryan Wilson
|
0-0: Swinging Strike 0-1: Called Strike 0-2: Strikes out swinging
|
Batting: LHB Wayne Akers
|
0-0: Ball 1-0: Ball 2-0: Called Strike 2-1: Ball 3-1: Swinging Strike 3-2: Foul Ball, location: 2F 3-2: Foul Ball, location: 2F 3-2: Strikes out swinging
|
Top of the 1st over - 0 run(s), 0 hit(s), 0 error(s), 0 left on base; Chesapeake 0 - Lannister United 0 |
BOTTOM OF THE 1ST |
Lannister United Lionhearts batting - Pitching for Chesapeake Continentals : RHP Ben Logan
|
Pitching: RHP Ben Logan
|
|
Batting: RHB Curt Monroe
|
0-0: Swinging Strike 0-1: Foul Ball, location: 2F 0-2: Foul Ball, location: 2F 0-2: Foul Ball, location: 2F 0-2: Strikes out swinging
|
Batting: RHB Adrian Barr
|
0-0: Ball 1-0: Ball 2-0: Ball 3-0: Base on Balls
|
Batting: RHB Michael Hicks
|
0-0: Ball 1-0: Fly out, F8 (Flyball, 8RXD)
|
Batting: LHB Miguel Juárez
|
0-0: Foul Ball, location: 2F 0-1: Ground out 4-3 (Groundball, 34)
|
Bottom of the 1st over - 0 run(s), 0 hit(s), 0 error(s), 1 left on base; Chesapeake 0 - Lannister United 0 |
TOP OF THE 2ND |
Chesapeake Continentals batting - Pitching for Lannister United Lionhearts : RHP Hirokichi Kichida
|
Batting: RHB Travis Brumback
|
0-0: Called Strike 0-1: Called Strike 0-2: Strikes out swinging
|
Batting: RHB Mike Peterson
|
0-0: Foul Ball, location: 2F 0-1: Foul Ball, location: 2F 0-2: Foul Ball, location: 2F 0-2: SINGLE (Line Drive, 4MD)
|
Batting: SHB Dominique Prost
|
0-0: Ball Passed Ball! Mike Peterson to second 1-0: Called Strike 1-1: Foul Ball, location: 2F 1-2: Strikes out swinging
|
Batting: LHB José Estrada
|
0-0: Ball 1-0: Foul Ball, location: 2F 1-1: SINGLE (Flyball, 7S) Mike Peterson to third Runner from 3rd tries for Home, SAFE, no throw or cutoff
|
Batting: SHB Kevin Carlile
|
0-0: Called Strike 0-1: Fly out, F9 (Flyball, 9S)
|
Top of the 2nd over - 1 run(s), 2 hit(s), 0 error(s), 1 left on base; Chesapeake 1 - Lannister United 0 |
BOTTOM OF THE 2ND |
Lannister United Lionhearts batting - Pitching for Chesapeake Continentals : RHP Ben Logan
|
Batting: RHB Chris Hopkins
|
0-0: Ball 1-0: Foul Ball, location: 2F 1-1: Foul Ball, location: 2F 1-2: Ball 2-2: Foul Ball, location: 2F 2-2: Ball 3-2: Base on Balls
|
Batting: LHB Alfonso Núñez
|
0-0: Ball 1-0: Ball 2-0: Fly out, F8 (Line Drive, 8LM)
|
Batting: RHB Tristan Kuhn
|
0-0: Swinging Strike 0-1: Ball 1-1: Called Strike 1-2: Strikes out looking
|
Batting: RHB Cale Beazley
|
0-0: Swinging Strike 0-1: Ball 1-1: Called Strike 1-2: Strikes out swinging
|
Bottom of the 2nd over - 0 run(s), 0 hit(s), 0 error(s), 1 left on base; Chesapeake 1 - Lannister United 0 |
TOP OF THE 3RD |
Chesapeake Continentals batting - Pitching for Lannister United Lionhearts : RHP Hirokichi Kichida
|
Batting: RHB Harry Reynolds
|
0-0: Ball 1-0: Foul Ball, location: 2F 1-1: Ball 2-1: Swinging Strike 2-2: Fly out, F3 (Popup, 3F)
|
Batting: RHB Gustavo Varela
|
0-0: Called Strike 0-1: Swinging Strike 0-2: Ground out 6-3 (Groundball, 6)
|
Batting: RHB Bryan Wilson
|
0-0: Ball 1-0: Ball 2-0: Fly out, F3 (Popup, 4MS)
|
Top of the 3rd over - 0 run(s), 0 hit(s), 0 error(s), 0 left on base; Chesapeake 1 - Lannister United 0 |
BOTTOM OF THE 3RD |
Lannister United Lionhearts batting - Pitching for Chesapeake Continentals : RHP Ben Logan
|
Batting: RHB Raúl Delgado
|
0-0: Ball 1-0: Ball 2-0: Ball 3-0: Called Strike 3-1: Base on Balls
|
Batting: RHB Curt Monroe
|
0-0: SINGLE (Line Drive, 6D) Raúl Delgado to second
|
Batting: RHB Adrian Barr
|
0-0: Called Strike 0-1: Ball 1-1: Foul Ball, location: 2F 1-2: Strikes out swinging
|
Batting: RHB Michael Hicks
|
0-0: Ball 1-0: Called Strike 1-1: Foul Ball, location: 2F 1-2: Foul Ball, location: 2F 1-2: Ball 2-2: Foul Ball, location: 2F 2-2: Foul Ball, location: 2F 2-2: Ball 3-2: Foul Ball, location: 2F 3-2: Foul Ball, location: 2F 3-2: SINGLE (Groundball, 6MD) Raúl Delgado to third Curt Monroe to second
|
Batting: LHB Miguel Juárez
|
0-0: Swinging Strike 0-1: Ball 1-1: Swinging Strike 1-2: Ball 2-2: Strikes out swinging
|
Batting: RHB Chris Hopkins
|
0-0: Ball 1-0: Ball 2-0: Called Strike 2-1: Ball 3-1: Base on Balls Raúl Delgado scores Curt Monroe to third Michael Hicks to second
|
Batting: LHB Alfonso Núñez
|
0-0: Ball 1-0: Foul Ball, location: 2F 1-1: SINGLE (Line Drive, 9S) Curt Monroe scores Michael Hicks to third Chris Hopkins to second Runner from 3rd tries for Home, SAFE, no throw or cutoff
|
Batting: RHB Tristan Kuhn
|
0-0: Ball 1-0: Called Strike 1-1: Ball 2-1: Foul Ball, location: 2F 2-2: Ball 3-2: Foul Ball, location: 2F 3-2: Strikes out looking
|
Bottom of the 3rd over - 3 run(s), 3 hit(s), 0 error(s), 2 left on base; Chesapeake 1 - Lannister United 3 |
TOP OF THE 4TH |
Chesapeake Continentals batting - Pitching for Lannister United Lionhearts : RHP Hirokichi Kichida
|
Batting: LHB Wayne Akers
|
0-0: Fly out, F4 (Popup, 4D)
|
Batting: RHB Travis Brumback
|
0-0: Called Strike 0-1: Ground out 4-3 (Groundball, 13)
|
Batting: RHB Mike Peterson
|
0-0: Foul Ball, location: 2F 0-1: Fly out, F9 (Flyball, 9S)
|
Top of the 4th over - 0 run(s), 0 hit(s), 0 error(s), 0 left on base; Chesapeake 1 - Lannister United 3 |
BOTTOM OF THE 4TH |
Lannister United Lionhearts batting - Pitching for Chesapeake Continentals : RHP Ben Logan
|
Batting: RHB Cale Beazley
|
0-0: Foul Ball, location: 2F 0-1: Ball 1-1: Ball 2-1: Ground out 6-3 (Groundball, 6)
|
Batting: RHB Raúl Delgado
|
0-0: Ball 1-0: Called Strike 1-1: Ball 2-1: Foul Ball, location: 2F 2-2: Ball 3-2: SINGLE (Groundball, 34)
|
Batting: RHB Curt Monroe
|
0-0: Swinging Strike 0-1: Foul Ball, location: 2F 0-2: Strikes out looking
|
Batting: RHB Adrian Barr
|
0-0: Called Strike 0-1: Ball 1-1: Ground out 4-3 (Groundball, 4)
|
Bottom of the 4th over - 0 run(s), 1 hit(s), 0 error(s), 1 left on base; Chesapeake 1 - Lannister United 3 |
TOP OF THE 5TH |
Chesapeake Continentals batting - Pitching for Lannister United Lionhearts : RHP Hirokichi Kichida
|
Batting: SHB Dominique Prost
|
0-0: Called Strike 0-1: Ball 1-1: Swinging Strike 1-2: Ball 2-2: Ball 3-2: Foul Ball, location: 2F 3-2: SINGLE (Flyball, 9S)
|
Batting: LHB José Estrada
|
0-0: Ball 1-0: Sac Bunt - play at first, batter OUT! 5-3 Dominique Prost to second
|
Batting: SHB Kevin Carlile
|
0-0: Swinging Strike 0-1: Ball 1-1: SINGLE (Flyball, 7S) Dominique Prost to third
|
Batting: RHB Harry Reynolds
|
0-0: Foul Ball, location: 2F 0-1: Ball 1-1: Ball 2-1: Foul Ball, location: 2F 2-2: SINGLE (Groundball, 25) (infield hit) Kevin Carlile to second
|
Batting: RHB Gustavo Varela
|
0-0: Ball 1-0: Ball 2-0: Swinging Strike 2-1: Foul Ball, location: 2F 2-2: Foul Ball, location: 2F 2-2: Strikes out swinging
|
Batting: RHB Bryan Wilson
|
0-0: Ball 1-0: Foul Ball, location: 2F 1-1: Ball 2-1: DOUBLE (Line Drive, 7LM) Dominique Prost scores Kevin Carlile scores Harry Reynolds to third Runner from 3rd tries for Home, SAFE, throw made home
|
Batting: LHB Wayne Akers
|
0-0: Ball 1-0: Swinging Strike 1-1: Ball 2-1: Ball 3-1: Base on Balls
|
Batting: RHB Travis Brumback
|
0-0: Called Strike 0-1: Ball 1-1: Ball 2-1: Foul Ball, location: 2F 2-2: Fly out, F4 (Popup, 4)
|
Top of the 5th over - 3 run(s), 4 hit(s), 0 error(s), 2 left on base; Chesapeake 4 - Lannister United 3 |
BOTTOM OF THE 5TH |
Lannister United Lionhearts batting - Pitching for Chesapeake Continentals : RHP Ben Logan
|
Batting: RHB Michael Hicks
|
0-0: Ball 1-0: Ball 2-0: Ball 3-0: Called Strike 3-1: Called Strike 3-2: Base on Balls
|
Batting: LHB Miguel Juárez
|
0-0: Ball 1-0: Ground out 3-1 (Groundball, 34) Michael Hicks to second
|
Batting: RHB Chris Hopkins
|
0-0: Called Strike 0-1: Foul Ball, location: 2F 0-2: Ball 1-2: Ball 2-2: Foul Ball, location: 2F 2-2: Ball 3-2: Base on Balls
|
Batting: LHB Alfonso Núñez
|
0-0: Ball 1-0: Ball 2-0: Called Strike 2-1: Ball 3-1: Foul Ball, location: 2F 3-2: Fly out, F8 (Flyball, 8RM)
|
Batting: RHB Tristan Kuhn
|
0-0: Foul Ball, location: 2F 0-1: Swinging Strike 0-2: Strikes out swinging
|
Bottom of the 5th over - 0 run(s), 0 hit(s), 0 error(s), 2 left on base; Chesapeake 4 - Lannister United 3 |
TOP OF THE 6TH |
Chesapeake Continentals batting - Pitching for Lannister United Lionhearts : RHP Hirokichi Kichida
|
Batting: RHB Mike Peterson
|
0-0: Ball 1-0: Fly out, F8 (Flyball, 8LM)
|
Batting: SHB Dominique Prost
|
0-0: Ball 1-0: Fly out, F4 (Popup, 34D)
|
Batting: LHB José Estrada
|
0-0: Ball 1-0: Ground out 1-3 (Groundball, 15S)
|
Top of the 6th over - 0 run(s), 0 hit(s), 0 error(s), 0 left on base; Chesapeake 4 - Lannister United 3 |
BOTTOM OF THE 6TH |
Lannister United Lionhearts batting - Pitching for Chesapeake Continentals : RHP Ben Logan
|
Batting: RHB Cale Beazley
|
0-0: Ball 1-0: Ball 2-0: Fly out, F2 (Popup, 2LF)
|
Batting: RHB Raúl Delgado
|
0-0: Foul Ball, location: 2F 0-1: Ball 1-1: Fly out, F8 (Flyball, 8LD)
|
Batting: RHB Curt Monroe
|
0-0: Called Strike 0-1: Foul Ball, location: 2F 0-2: SINGLE (Line Drive, 7S)
|
Pitching: RHP Gilberto Soto
|
|
Batting: RHB Adrian Barr
|
0-0: Ball 1-0: Ball 2-0: Ball Pickoff Throw by Catcher to First - Error! E2 Curt Monroe to second 3-0: Base on Balls
|
Batting: RHB Michael Hicks
|
0-0: Ball 1-0: Ball 2-0: Ball 3-0: Called Strike 3-1: Base on Balls Curt Monroe to third Adrian Barr to second
|
Batting: LHB Miguel Juárez
|
0-0: Ball 1-0: Swinging Strike 1-1: Ball 2-1: Foul Ball, location: 2F 2-2: Strikes out looking
|
Bottom of the 6th over - 0 run(s), 1 hit(s), 1 error(s), 3 left on base; Chesapeake 4 - Lannister United 3 |
TOP OF THE 7TH |
Chesapeake Continentals batting - Pitching for Lannister United Lionhearts : RHP Hirokichi Kichida
|
Batting: SHB Kevin Carlile
|
0-0: Ball 1-0: Ball 2-0: Ball 3-0: Called Strike 3-1: Swinging Strike 3-2: Foul Ball, location: 2F 3-2: Foul Ball, location: 2F 3-2: Foul Ball, location: 2F 3-2: Strikes out swinging
|
Batting: RHB Harry Reynolds
|
0-0: Ball 1-0: Foul Ball, location: 2F 1-1: Fly out, F8 (Flyball, 8RD)
|
Batting: RHB Gustavo Varela
|
0-0: Ball 1-0: Called Strike 1-1: Ball 2-1: Foul Ball, location: 2F 2-2: Strikes out swinging
|
Top of the 7th over - 0 run(s), 0 hit(s), 0 error(s), 0 left on base; Chesapeake 4 - Lannister United 3 |
BOTTOM OF THE 7TH |
Lannister United Lionhearts batting - Pitching for Chesapeake Continentals : RHP Gilberto Soto
|
Batting: RHB Chris Hopkins
|
0-0: Foul Ball, location: 2F 0-1: Ground out 6-3 (Groundball, 6M)
|
Batting: LHB Alfonso Núñez
|
0-0: Fly out, F9 (Flyball, 9M)
|
Batting: RHB Tristan Kuhn
|
0-0: Ball 1-0: Ball 2-0: Ball 3-0: Base on Balls
|
Batting: RHB Cale Beazley
|
0-0: Ball 1-0: Fly out, F8 (Flyball, 8LM)
|
Bottom of the 7th over - 0 run(s), 0 hit(s), 0 error(s), 1 left on base; Chesapeake 4 - Lannister United 3 |
TOP OF THE 8TH |
Chesapeake Continentals batting - Pitching for Lannister United Lionhearts : RHP Hirokichi Kichida
|
Pitching: RHP Jud White
|
|
Batting: RHB Bryan Wilson
|
0-0: Ball 1-0: Ground out 6-3 (Groundball, 6M)
|
Batting: LHB Wayne Akers
|
0-0: Ball 1-0: Ground out 4-3 (Groundball, 34)
|
Batting: RHB Travis Brumback
|
0-0: Called Strike 0-1: Fly out, F4 (Popup, 4)
|
Top of the 8th over - 0 run(s), 0 hit(s), 0 error(s), 0 left on base; Chesapeake 4 - Lannister United 3 |
BOTTOM OF THE 8TH |
Lannister United Lionhearts batting - Pitching for Chesapeake Continentals : RHP Gilberto Soto
|
Pitching: LHP Jim Unknown
|
|
Now at 2B: Kirk Wells
|
|
Batting: RHB Raúl Delgado
|
0-0: Ball 1-0: Ball 2-0: Ball 3-0: Called Strike 3-1: Called Strike 3-2: SINGLE (Line Drive, 8LS)
|
Pitching: RHP Elio Maini
|
|
Batting: RHB Curt Monroe
|
0-0: Sac Bunt - play at first, batter OUT! 1-4 Raúl Delgado to second
|
Batting: RHB Adrian Barr
|
0-0: Foul Ball, location: 2F 0-1: Ball 1-1: Called Strike 1-2: Strikes out swinging
|
Batting: RHB Michael Hicks
|
0-0: Ball 1-0: Swinging Strike 1-1: Foul Ball, location: 2F 1-2: Strikes out swinging
|
Bottom of the 8th over - 0 run(s), 1 hit(s), 0 error(s), 1 left on base; Chesapeake 4 - Lannister United 3 |
TOP OF THE 9TH |
Chesapeake Continentals batting - Pitching for Lannister United Lionhearts : RHP Jud White
|
Pitching: RHP Rodger de Meza
|
|
Batting: RHB Mike Peterson
|
0-0: Ball 1-0: Ball 2-0: Ball 3-0: Base on Balls
|
Batting: SHB Dominique Prost
|
0-0: Sac Bunt - play at second, runner OUT! 3-6
|
Batting: LHB José Estrada
|
0-0: SINGLE (Groundball, 56S) Dominique Prost to second
|
Batting: SHB Kevin Carlile
|
0-0: Fly out, F8 (Line Drive, 8LS)
|
Pinch Hitting: SHB Tim Roberts
|
0-0: Ball 1-0: Ball 2-0: Called Strike 2-1: Swinging Strike 2-2: Ball 3-2: Strikes out swinging
|
Top of the 9th over - 0 run(s), 1 hit(s), 0 error(s), 2 left on base; Chesapeake 4 - Lannister United 3 |
BOTTOM OF THE 9TH |
Lannister United Lionhearts batting - Pitching for Chesapeake Continentals : RHP Elio Maini
|
Pitching: RHP Carlos Guzmán
|
|
Now at 3B: Jim Unknown
|
|
Batting: LHB Miguel Juárez
|
0-0: Called Strike 0-1: Ball 1-1: Ball 2-1: Called Strike 2-2: Ball 3-2: SOLO HOME RUN (Flyball, 9D), Distance : 363 ft
|
Batting: RHB Chris Hopkins
|
0-0: Called Strike 0-1: Foul Ball, location: 2F 0-2: Ball 1-2: Ball 2-2: Strikes out looking
|
Batting: LHB Alfonso Núñez
|
0-0: Ball 1-0: Foul Ball, location: 2F 1-1: Ball 2-1: Foul Ball, location: 2F 2-2: Ball 3-2: Foul Ball, location: 2F 3-2: Foul Ball, location: 2F 3-2: Ground out 1-3 (Groundball, 13)
|
Pinch Hitting: SHB Felipe Cisneros
|
0-0: Ball 1-0: Ball 2-0: Fly out, F9 (Flyball, 89S)
|
Bottom of the 9th over - 1 run(s), 1 hit(s), 0 error(s), 0 left on base; Chesapeake 4 - Lannister United 4 |
TOP OF THE 10TH |
Chesapeake Continentals batting - Pitching for Lannister United Lionhearts : RHP Rodger de Meza
|
Now at 2B: Arturo Read
|
|
Batting: RHB Gustavo Varela
|
0-0: Ball 1-0: Ground out 5-3 (Groundball, 15S)
|
Batting: RHB Kirk Wells
|
0-0: Ball 1-0: Ball 2-0: Ball 3-0: Base on Balls
|
Batting: LHB Wayne Akers
|
0-0: Swinging Strike 0-1: Ball 1-1: Ball 2-1: Foul Ball, location: 2F 2-2: SINGLE (Line Drive, 7S) Kirk Wells to second Kirk Wells to third
|
Batting: RHB Travis Brumback
|
0-0: Ball 1-0: Ball 2-0: Called Strike 2-1: SINGLE (Line Drive, 7LS) Kirk Wells scores Wayne Akers to second
|
Batting: RHB Mike Peterson
|
0-0: Swinging Strike 0-1: Ball 1-1: Foul Ball, location: 2F 1-2: Strikes out swinging
|
Batting: SHB Dominique Prost
|
0-0: Ball 1-0: Ball 2-0: Foul Ball, location: 2F 2-1: Fly out, F8 (Flyball, 8LM)
|
Top of the 10th over - 1 run(s), 2 hit(s), 0 error(s), 2 left on base; Chesapeake 5 - Lannister United 4 |
BOTTOM OF THE 10TH |
Lannister United Lionhearts batting - Pitching for Chesapeake Continentals : RHP Carlos Guzmán
|
Batting: RHB Cale Beazley
|
0-0: Ball 1-0: Foul Ball, location: 2F 1-1: Ball 2-1: Foul Ball, location: 2F 2-2: Ball 3-2: Foul Ball, location: 2F 3-2: Foul Ball, location: 2F 3-2: Foul Ball, location: 2F 3-2: Foul Ball, location: 2F 3-2: SINGLE (Line Drive, 4M)
|
Batting: RHB Raúl Delgado
|
0-0: Sac Bunt - play at first, batter OUT! 1-4 Cale Beazley to second
|
Batting: RHB Curt Monroe
|
0-0: Ball 1-0: Ball 2-0: Ball 3-0: Base on Balls
|
Batting: RHB Adrian Barr
|
0-0: Swinging Strike 0-1: Swinging Strike 0-2: Strikes out looking
|
Batting: RHB Michael Hicks
|
0-0: Ball 1-0: Called Strike 1-1: Called Strike 1-2: Strikes out swinging
|
Bottom of the 10th over - 0 run(s), 1 hit(s), 0 error(s), 2 left on base; Chesapeake 5 - Lannister United 4 |
|